cohdb
Replays
Latest Replays
All Replays
Popular Replays
Top Player Replays
Match Explorer
How It Works
Community
CoH3 Stats
Reddit
Sign in to upload your games and track your stats! →
Sign in with Steam
Match 43003126
Unlisted
Match 43003126
Overview
Messages
Build Orders
End
Construct Infanterie Kompanie
Grenadier Squad
Grenadier Squad
Grenadier Squad
MG 42 Machine Gun Team
Medical Station
Construct Luftwaffe Kompanie
Construct Panzergrenadier Kompanie
Pak 40 Anti-tank Gun Team
251 Medium Carrier
Pioneer Squad
Construct Luftwaffe Kompanie
Selects Breakthrough Battlegroup
Selects Rapid Production
Selects Blitzkrieg
GrW 34 Mortar Team
Construct Panzer Kompanie
Jäger Squad
Panzer IV Medium Tank
Selects Tiger Heavy Tank
Selects Assault Grenadiers
Selects Breakthrough
Tiger Heavy Tank
Selects Incendiary Bombing Run
∞ | Hachiko
XuZhongwei
0
0
Comments
sign in to comment!
No comments posted yet!